 Dungeon Sprint DCSS version 0.23-a0-808-gd21de94 (webtiles) character file.

32 Lanoc the Slasher (level 3, 0/30 HPs)
             Began as a Demonspawn Berserker on Jan 21, 2019.
             Was a Priest of Trog.
             Slain by a scorpion (3 damage)
             ... in the Dungeon (Sprint IX: "|||||||||||||||||||||||||||||").
             The game lasted 00:00:19 (54 turns).

Lanoc the Slasher (Demonspawn Berserker)              Turns: 54, Time: 00:00:20

Health: 0/30       AC:  2    Str: 18    XL:     3   Next: 10%
Magic:  3/3        EV: 13    Int:  8    God:    Trog [***...]
Gold:   0          SH:  0    Dex: 12    Spells: 2/2 levels left

rFire    . . .     SeeInvis .   a - +0 falchion
rCold    . . .     Gourm    .   (no shield)
rNeg     . . .     Faith    .   b - +0 animal skin
rPois    .         Spirit   .   (no helmet)
rElec    .         Reflect  .   (no cloak)
rCorr    .         Harm     .   (no gloves)
MR       .....     NoTele   +   (no boots)
Stlth    +.........             (no amulet)
HPRegen  0.10/turn              (no ring)
MPRegen  0.08/turn              (no ring)

@: lethally poisoned (0 -> -6), berserk cooldown, slowed, very slow
A: claws 1, demonic guardian 1
a: Berserk, Trog's Hand, Renounce Religion


You were in the Dungeon.
You worshipped Trog.
Trog was most pleased with you.
You were not hungry.

You visited 1 branch

Inventory:

Hand Weapons
 a - a +0 falchion (weapon)
Armour
 b - a +0 animal skin (worn)
Scrolls
 i - a scroll of blinking
Potions
 d - a potion of curing
 e - a potion of heal wounds
 f - a potion of haste
 g - 2 potions of magic
 h - a potion of berserk rage
Comestibles
 c - a ration
 j - 3 chunks of flesh


   Skills:
 + Level 4.0 Fighting
 * Level 4.4 Long Blades
 + Level 3.0 Armour
 + Level 3.0 Dodging


You had 2 spell levels left.
You didn't know any spells.
Your spell library was empty.

Dungeon Overview and Level Annotations

Branches:
Dungeon (1/1)

Altars:


Innate Abilities, Weirdness & Mutations

You have sharp fingernails.
A weak demonic guardian rushes to your aid.


Message History

You feel yourself slow down. The scorpion closely misses you.
You barely miss the scorpion.
The scorpion is heavily wounded.
* * * LOW HITPOINT WARNING * * *
You feel sick. The scorpion stings you.
* * * LOW HITPOINT WARNING * * *
You hit the scorpion.
The scorpion is heavily wounded.
* * * LOW HITPOINT WARNING * * *
You feel sick. The scorpion barely misses you.
The crimson imp blinks!
The scorpion barely misses you.
You riposte.
You hit the scorpion but do no damage.
The scorpion is heavily wounded.
You hit the scorpion.
The scorpion is severely wounded.
* * * LOW HITPOINT WARNING * * *
You feel sick. The scorpion misses you.
The crimson imp barely misses your ufetubus.
The scorpion stings you.
You die...

▓.▓
▓'▓
▓)▓
▓)▓
▓.▓
▓.▓
▓5▓
▓5▓
▓@▓
▓s▓
▓.▓
▓.▓
▓.▓
▓+▓


You could see a scorpion, a crimson imp and a friendly ufetubus.

Vanquished Creatures
  A worker ant (D)
  An orc (D)
  A giant cockroach (D)
  A goblin (D)
  A hobgoblin (D)
  A kobold (D)
  2 bats (D)
8 creatures vanquished.

Notes
Turn   | Place    | Note
-------+----------+-------------------------------------------
     0 | D        | Lanoc the Demonspawn Berserker began the quest for the Orb.
     0 | D        | Reached XP level 1. HP: 18/18 MP: 1/1
     8 | D        | Reached ** piety under Trog
    34 | D        | Noticed a worker ant
    34 | D        | Noticed a scorpion
    34 | D        | Noticed a crimson imp
    38 | D        | Killed a worker ant
    38 | D        | Gained mutation: You have sharp fingernails. [demonic
                  | ancestry]
    38 | D        | Reached XP level 2. HP: 25/25 MP: 2/2
    38 | D        | Gained mutation: A weak demonic guardian rushes to your
                  | aid. [demonic ancestry]
    38 | D        | Reached XP level 3. HP: 30/30 MP: 3/3
    43 | D        | Reached *** piety under Trog
    54 | D        | Slain by a scorpion

Vault maps used:
D:        linesprint

Skill      XL: |  1 |
---------------+----+-----
Long Blades    | 4 |  4.4
Armour         | 3 |  3.0
Dodging        | 3 |  3.0
Fighting       | 4 |  4.0

Action                   || total
-------------------------++-------
Melee: Falchion          ||    21
Invok: Berserk           ||     1
Armor: Animal skin       ||     2
Dodge: Dodged            ||    13
       Rpst.: Falchion   ||     7

Table legend:
 A = Non-vault XP
 B = Vault XP
 C = Vault XP percentage of total XP
 D = Non-vault monster count
 E = Vault monster count
 F = Vault count percentage of total count
                 A         B        C        D         E       F
            +---------+---------+-------+---------+---------+-------
      Total |       0 |      47 | 100.0 |       0 |       8 | 100.0
            +---------+---------+-------+---------+---------+-------
          D |       0 |      47 | 100.0 |       0 |       8 | 100.0
            +---------+---------+-------+---------+---------+-------
